 Dungeon Crawl Stone Soup version 0.29-a0-275-g389c0b56f3 (webtiles) character file.

Game seed: 860074664495968845

5156 pcat the Thaumaturge (level 10, -5/60 HPs)
             Began as a Deep Elf Conjurer on Mar 11, 2022.
             Was an Initiate of Vehumet.
             Slain by a troll (11 damage)
             ... on level 8 of the Dungeon.
             The game lasted 00:26:07 (12087 turns).

pcat the Thaumaturge (Deep Elf Conjurer)           Turns: 12087, Time: 00:26:08

Health: -5/60      AC:  7    Str:  4    XL:     10   Next: 33%
Magic:  1/26       EV: 13    Int: 34    God:    Vehumet [......]
Gold:   528        SH:  7    Dex: 23    Spells: 13/29 levels left

rFire   . . .      SeeInvis .   I - +7 hunting sling "Daruh" {speed, rC++ rN+ Dex+4}
rCold   + + .      Faith    .   A - +1 buckler
rNeg    + . .      Spirit   .   B - +2 robe {Will+}
rPois   .          Reflect  .   (no helmet)
rElec   .          Harm     .   v - +0 cloak
rCorr   .          Rampage  .   c - +0 pair of gloves
Will    ++...                   P - +0 pair of boots
Stlth   +++.......              (no amulet)
HPRegen 0.20/turn               u - +6 ring of intelligence
MPRegen 0.20/turn               l - +6 ring of dexterity

@: very slightly contaminated
A: no striking features
a: Renounce Religion


You were on level 8 of the Dungeon.
You worshipped Vehumet.
Vehumet was noncommittal.
You visited 2 branches of the dungeon, and saw 10 of its levels.
You also visited: Bailey.

You collected 528 gold pieces.

Inventory:

Hand Weapons
 w - a +1 whip of electrocution
 I - the +7 hunting sling "Daruh" (weapon) {speed, rC++ rN+ Dex+4}
   (You found it on level 8 of the Dungeon)

   Attacks with this weapon are significantly faster.
   Dex:       It affects your dexterity (+4).
   rC:        It greatly protects you from cold.
   rN:        It protects you from negative energy.
 Q - a +0 dagger of draining
Missiles
 b - 129 stones
 q - 4 boomerangs
 J - a curare-tipped dart
 K - 5 poisoned darts
Armour
 c - a +0 pair of gloves (worn)
 n - a +0 scale mail of cold resistance
 v - a +0 cloak (worn)
 A - a +1 buckler (worn)
 B - a +2 robe of willpower (worn)
 C - a +2 robe of fire resistance
 O - +2 acid dragon scales
 P - a +0 pair of boots (worn)
Magical Staves
 e - a staff of death
 s - a staff of earth
Jewellery
 j - a ring of ice
 l - a +6 ring of dexterity (right hand)
 u - a +6 ring of intelligence (left hand)
 E - a ring of resist corrosion
Wands
 F - a wand of iceblast (1)
 H - a wand of digging (6)
 M - a wand of mindburst (16)
 N - a wand of flame (25)
Scrolls
 d - a scroll of immolation
 g - 6 scrolls of teleportation
 m - a scroll of blinking
 o - 5 scrolls of amnesia
 p - a scroll of magic mapping
 x - a scroll of identify
 y - 4 scrolls of fog
 D - 2 scrolls of enchant weapon
 G - a scroll of brand weapon {unknown}
Potions
 a - 2 potions of might
 f - 2 potions of ambrosia
 h - a potion of mutation
 i - a potion of berserk rage
 k - a potion of curing
 r - 2 potions of degeneration
 t - a potion of cancellation
 z - a potion of attraction {unknown}
 L - a potion of heal wounds {unknown}


   Skills:
 + Level 5.8 Fighting
 - Level 2.5 Dodging
 - Level 2.5 Stealth
 + Level 4.6 Shields
 + Level 10.0 Spellcasting
 + Level 9.1 Conjurations
 + Level 5.2 Necromancy
 - Level 5.1 Translocations


You had 13 spell levels left.
You knew the following spells:

 Your Spells              Type           Power      Damage    Failure   Level
a - Magic Dart            Conj           100%       1d8       1%          1
b - Searing Ray           Conj           100%       2d8       1%          2
c - Iskenderun's Mystic   Conj/Tloc      60%        2d13      1%          4
d - Sublimation of Blood  Necr           51%        N/A       1%          2
e - Blink                 Tloc           100%       N/A       1%          2
f - Borgnjor's Vile Clut  Necr/Erth      17%        N/A       32%         5

Your spell library contained the following spells:

 Spells                   Type           Power      Damage    Failure   Level
 Animate Skeleton         Necr           100%       N/A       1%          1
 Apportation              Tloc           100%       N/A       1%          1
 Dazzling Flash           Conj/Hex       96%        N/A       1%          3
 Lesser Beckoning         Tloc           51%        N/A       1%          3
 Teleport Other           Tloc           51%        N/A       1%          3
 Sting                    Tmut/Pois      68%        1d6       3%          1
 Summon Small Mammal      Summ           68%        N/A       3%          1
 Wereblood                Tmut           17%        N/A       4%          2
 Animate Dead             Necr           25%        N/A       4%          4
 Fulminant Prism          Conj/Hex       24%        3d13      4%          4
 Manifold Assault         Tloc           51%        N/A       12%         5
 Death Channel            Necr           25%        N/A       52%         6
 Summon Hydra             Summ           8%         N/A       100%        7


Dungeon Overview and Level Annotations

Branches:
Dungeon (9/15)             Temple (1/1) D:6             Orc (0/2) D:9
 Bailey (visited)
   Lair: D:8-11

Altars:
Ashenzari
Cheibriados
Dithmenos
Elyvilon
Fedhas
Gozag
Hepliaklqana
Kikubaaqudgha
Makhleb
Nemelex Xobeh
Okawaru
Qazlal
Ru
Sif Muna
Trog
Uskayaw
Vehumet
Wu Jian
Xom
Yredelemnul
Zin
The Shining One

Shops:
D:1 =   D:2 *=(!

Annotations:
D:6 2 runed translucent doors, HuGe's ghost, novice MiBe


Message History

The centaur wields a +0 shortbow.
The centaur shoots an arrow.
The arrow closely misses you. The orc warrior closely misses you.
Casting: Iskenderun's Mystic Blast (dangerous; 1% risk of failure)
Confirm with . or Enter, or press ? or * to list all spells.
You erupt in a blast of force!
The mystic blast hits the orc wizard!!
You kill the orc wizard!
Vehumet accepts your kill.
The mystic blast hits the centaur!!
You kill the centaur!
Vehumet accepts your kill.
The mystic blast hits the orc warrior.
The orc warrior is lightly wounded.
The orc warrior is knocked back by the mystic blast.
The orc warrior slams into the rock wall!
An orc comes into view. It is wielding a +0 whip.
The troll attacks as you move away! The troll bites you!
The troll closely misses you. You block the troll's attack.
The troll attacks as you move away! The troll bites you!
The troll claws you but does no damage. The troll claws you.
An orc comes into view. It is wielding a +0 short sword.
The troll attacks as you move away! You block the troll's attack.
The troll claws you! The troll claws you.
Casting: Iskenderun's Mystic Blast (dangerous; 1% risk of failure)
Confirm with . or Enter, or press ? or * to list all spells.
You miscast Iskenderun's Mystic Blast.
You are very lightly contaminated with residual magic.
Nothing appears to happen.
The troll barely misses you. The troll claws you but does no damage.
The troll misses you.
There is an escape hatch in the ceiling here.
The troll bites you!
* * * LOW HITPOINT WARNING * * *
The troll misses you. The troll claws you but does no damage.
A mysterious force pulls you upwards. The hatch slams shut behind you.
The troll attacks as you move away! The troll bites you!
* * * LOW HITPOINT WARNING * * *
The troll misses you. The troll claws you.
* * * LOW HITPOINT WARNING * * *
You feel better. The troll misses you. The troll completely misses you.
The troll claws you!
You die...

#.#####....#.....############
#.....+......................
#.#####....#...)..#####....##
#..........######.# ##....##
#>................# #.....##
#........#........# #.....#
#.................# #...#.#
#.................# #...#.#
#########...@####'####...#.#
#..T.##........###.#
#....##........# #.#
#....##........###+##
##########'####...... #.##
#...... #..# #......
##'###...... #....)###'##


You could see a troll.

Vanquished Creatures
  A two-headed ogre (Bailey)
  A hornet (D:9)
  6 spriggans (Bailey)
  A wraith (D:8)
  A steam dragon (D:7)
  2 acid dragons
  Duvessa (D:6)
  A water moccasin (D:9)
  A black bear (D:6)
  An orc warrior (D:8)
  2 sky beasts
  3 ogres (Bailey)
  A centaur (D:9)
  A phantom (D:7)
  A kobold brigand (D:8)
  3 gnoll sergeants
  2 necrophages
  A scorpion (D:5)
  11 wights
  Dowan (D:6)
  2 howler monkeys
  A jelly (D:4)
  A gnoll shaman (D:5)
  4 orc priests
  2 hounds
  9 orc wizards
  2 iguanas (D:5)
  Terence (D:2)
  15 gnolls
  9 adders
  3 white imps
  A worm (D:2)
  4 dart slugs
  20 orcs
  11 endoplasms
  2 giant cockroaches
  13 goblins
  13 hobgoblins
  3 jackals
  4 quokkas
  4 ball pythons
  6 bats
  4 frilled lizards
  5 kobolds
  5 rats
186 creatures vanquished.

Notes
Turn   | Place    | Note
-------+----------+-------------------------------------------
     0 | D:1      | pcat the Deep Elf Conjurer began the quest for the Orb.
     0 | D:1      | Reached XP level 1. HP: 10/10 MP: 6/6
   168 | D:1      | Reached XP level 2. HP: 16/16 MP: 2/8
   650 | D:1      | Found Vazaoscho's Jewellery Emporium.
   895 | D:1      | Reached skill level 1 in Fighting
   895 | D:1      | Reached XP level 3. HP: 20/20 MP: 8/10
  1324 | D:2      | Found Zaogoj's Jewellery Shoppe.
  1328 | D:2      | Found Weath's General Store.
  1461 | D:2      | Reached skill level 4 in Spellcasting
  1565 | D:2      | Got the Compendium of Spatial Poison
  1626 | D:2      | Reached skill level 5 in Conjurations
  1936 | D:2      | Noticed Terence
  1978 | D:1      | Learned a level 2 spell: Searing Ray
  2006 | D:2      | Killed Terence
  2007 | D:2      | Reached XP level 4. HP: 20/25 MP: 4/12
  2014 | D:2      | Learned a level 4 spell: Iskenderun's Mystic Blast
  2017 | D:2      | Learned a level 2 spell: Sublimation of Blood
  2172 | D:2      | Found Nibrukh's Antique Weapon Emporium.
  2226 | D:2      | Found Gaxzeos's Distillery.
  2855 | D:3      | Reached XP level 5. HP: 30/30 MP: 5/14
  3108 | D:3      | Reached skill level 5 in Spellcasting
  3152 | D:3      | Found a snail-covered altar of Cheibriados.
  3641 | D:4      | Found an iron altar of Okawaru.
  3658 | D:4      | Reached skill level 1 in Translocations
  3819 | D:4      | Found a shadowy altar of Dithmenos.
  4142 | D:5      | Entered Level 5 of the Dungeon
  4146 | D:5      | Reached XP level 6. HP: 12/36 MP: 6/15
  5262 | D:5      | Reached XP level 7. HP: 19/40 MP: 12/17
  5525 | D:5      | Reached skill level 6 in Spellcasting
  5672 | D:5      | Learned a level 2 spell: Blink
  5902 | D:5      | Found a blossoming altar of Fedhas.
  6048 | D:6      | Found a staircase to the Ecumenical Temple.
  6349 | D:6      | Found a large runed translucent door.
  6349 | D:6      | Found a large runed translucent door.
  6351 | D:6      | Noticed HuGe's ghost (novice MiBe)
  6568 | D:6      | Reached skill level 1 in Shields
  6748 | D:6      | Reached XP level 8. HP: 29/47 MP: 11/20
  6864 | D:6      | Noticed Dowan
  6865 | D:6      | Noticed Duvessa
  6874 | D:6      | Killed Duvessa
  6874 | D:6      | Killed Dowan
  6875 | D:6      | Reached skill level 7 in Spellcasting
  7429 | Temple   | Entered the Ecumenical Temple
  8450 | D:7      | Reached skill level 8 in Spellcasting
  8450 | D:7      | Reached skill level 5 in Translocations
  8601 | D:7      | Learned a level 5 spell: Borgnjor's Vile Clutch
  8668 | D:7      | Reached XP level 9. HP: 30/52 MP: 10/23
  8833 | D:7      | Found a shimmering blue altar of Sif Muna.
  9118 | D:8      | Identified the +7 hunting sling "Daruh" {speed, rC++ rN+
                  | Dex+4}
  9131 | D:8      | Reached skill level 1 in Necromancy
  9631 | D:8      | Found a flagged portal.
  9746 | Bailey   | Entered a bailey
  9938 | Bailey   | Reached skill level 5 in Fighting
 10107 | Bailey   | Reached skill level 9 in Spellcasting
 10306 | Bailey   | Noticed a two-headed ogre
 10354 | Bailey   | Killed a two-headed ogre
 10355 | Bailey   | Reached XP level 10. HP: 51/60 MP: 0/25
 11297 | D:9      | Found a radiant altar of Vehumet.
 11330 | D:9      | Became a worshipper of Vehumet
 11600 | D:9      | Found a staircase to the Orcish Mines.
 12072 | D:9      | Reached skill level 5 in Necromancy
 12073 | D:9      | Reached skill level 10 in Spellcasting
 12086 | D:8      | HP: 1/60 [troll (3)]
 12087 | D:8      | Slain by a troll

Illustrated notes

Levels and vault maps discovered:
D:1:      dpeg_arrival_brainrot, layout_basic, serial_shops,
          nicolae_shop_crystal, nicolae_concentric_dashed_squares_wild
D:2:      layout_loops_cross, serial_shops, shop, shop, shop,
          nicolae_shop_trees, st_stairs_7, grunt_ministairs_4,
          roderic_roman_lattice, uniq_terence
D:3:      layout_basic, overflow_temple_1_default, minivault_27,
          minmay_misc_feat_x
D:4:      layout_basic, nicolae_dithmenos_shadow_blocks, okawaru_gym_becter
D:5:      layout_rooms, lemuel_coloured_pillars_altar, lemuel_flamethrower_1
D:6:      layout_loops_ring, minmay_temple_entry_enclosed_plants,
          ebering_ghost_disaster_area, uniq_duvessa
D:7:      layout_cave_pools, led_sif_pool
D:8:      layout_basic, enter_bailey_8, minmay_misc_feat_more_columns
D:9:      layout_basic, mainiacjoe_overflow_brackets, erik_orc_3,
          hangedman_decor_clover_reticule, minmay_holes,
          minmay_fractal_squares_5, uniq_harold
Temple:   kb_temple_of_zot

Skill      XL: |  1  2  3  4  5  6  7  8  9 10 |
---------------+-------------------------------+-----
Fighting       | 1 2 3 4 5 |  5.8
Spellcasting   | 4 5 6 8 9 10 | 10.0
Conjurations   | 5 6 7 8 9 |  9.1
Translocations | 1 2 3 5 |  5.1
Shields        | 1 2 4 |  4.6
Necromancy     | 4 5 |  5.2
Dodging        | |  2.5
Stealth        | |  2.5

Action                   |  1- 3 |  4- 6 |  7- 9 | 10-12 || total
-------------------------+-------+-------+-------+-------++-------
Melee: Whip              |       |     2 |     6 |       ||     8
 Fire: Hunting sling     |       |       |    12 |       ||    12
 Cast: Magic Dart        |    83 |   112 |    75 |     9 ||   279
       Searing Ray       |     2 |     1 |     8 |     6 ||    17
       Iskenderun's Myst |       |     7 |    67 |    25 ||    99
       Sublimation of Bl |       |     2 |       |       ||     2
  Use: Potion            |       |     3 |       |     2 ||     5
       Scroll            |       |       |       |    17 ||    17
 Stab: Sleeping          |       |     1 |       |       ||     1
Armor: Robe              |     4 |     2 |    11 |    13 ||    30
Dodge: Dodged            |     4 |    12 |    30 |    32 ||    78
Block: Buckler           |       |       |    12 |    10 ||    22

Table legend: (Time is in decaauts)
 A = Elapsed time spent in this place.
 B = Non-inter-level travel time spent in this place.
 C = Inter-level travel time spent in this place.
 D = Time resting spent in this place.
 E = Time spent auto-exploring this place.
 F = Levels seen in this place.
 G = Mean time per level.
                   A        B        C        D        E       F      G
               +--------+--------+--------+--------+--------+-----+--------+
         Total |  12144 |  11294 |    850 |   3064 |   6333 |  11 | 1104.0 |
       Dungeon |  11098 |  10264 |    834 |   2576 |   6248 |   9 | 1233.1 |
        Temple |    106 |     91 |     15 |      0 |     75 |   1 |  106.0 |
        Bailey |    939 |    939 |      0 |    488 |      9 |   1 |  939.0 |
               +--------+--------+--------+--------+--------+-----+--------+

Top non-repeatable levels by time:
     D:6: 1858 daAuts
     D:1: 1393 daAuts
     D:8: 1344 daAuts
     D:5: 1288 daAuts
     D:4: 1269 daAuts
     D:2: 1266 daAuts
     D:3: 975 daAuts
  Bailey: 939 daAuts
     D:7: 919 daAuts
     D:9: 782 daAuts
  Temple: 106 daAuts
